 Dungeon Crawl Stone Soup version 0.31-a0-986-g5e6e4ef867 (webtiles) character file.

Game seed: 12900937780284296803

17 wildpjah the Slasher (level 2, -2/22 HPs)
             Began as a Demonspawn Gladiator on Nov 18, 2023.
             Was a Follower of Jiyva.
             Succumbed to a kobold's poison
             ... on level 1 of the Dungeon.
             The game lasted 00:00:40 (255 turns).

wildpjah the Slasher (Demonspawn Gladiator)          Turns: 255, Time: 00:00:41

Health: -2/22      AC:  4    Str: 14    XL:     2   Next: 44%
Magic:  2/2        EV: 12    Int:  9    God:    Jiyva [*.....]
Gold:   29         SH:  0    Dex: 14    Spells: 1/1 levels left

rFire   . . .        a - +0 long sword
rCold   . . .        (no shield)
rNeg    . . .        b - +0 leather armour
rPois   .            c - +0 helmet
rElec   .            (no cloak)
rCorr   .            (no gloves)
SInv    .            (no boots)
Will    .....        (no amulet)
Stlth   +            (no ring)
HPRegen 1.03/turn    (no ring)
MPRegen 0.41/turn

%: no passive effects
@: lethally poisoned (-2 -> -13)
A: magic regeneration
a: Renounce Religion


You were on level 1 of the Dungeon.
You worshipped Jiyva.
Jiyva was aware of your devotion.
You visited 1 branch of the dungeon, and saw 1 of its levels.

You collected 29 gold pieces.

Inventory:

Hand Weapons
 a - a +0 long sword (weapon)
Missiles
 d - 2 throwing nets (quivered)
 e - a javelin
Armour
 b - a +0 leather armour (worn)
 c - a +0 helmet (worn)
Scrolls
 f - a scroll of fear {unknown}
 h - 2 scrolls of poison {unknown}
Potions
 g - 2 potions of cancellation


   Skills:
 + Level 2.1 Fighting
 + Level 3.1 Long Blades
 + Level 1.8 Throwing
 + Level 0.1 Armour
 + Level 3.0 Dodging


You had one spell level left.
You didn't know any spells.
Your spell library was empty.

Dungeon Overview and Level Annotations

Branches:
Dungeon (1/15)

Altars:
Jiyva


Innate Abilities, Weirdness & Mutations

You regenerate magic rapidly.


Message History

You hit the quokka.
You kill the quokka!
Your Dodging skill increases to level 3!
You barely miss the hobgoblin. The hobgoblin closely misses you.
The hobgoblin hits you.
You closely miss the hobgoblin. The hobgoblin closely misses you.
The kobold throws a stone.
The stone hits you.
You hit the hobgoblin.
The hobgoblin is lightly wounded.
The hobgoblin hits you.
The kobold throws a stone.
The stone barely misses you.
You slash the hobgoblin!
You kill the hobgoblin!
You hear a distant slurping noise.
The kobold hits you with a +3 dagger of venom.
You are poisoned.
You barely miss the kobold.
You feel very sick. The kobold closely misses you.
You barely miss the kobold.
You feel sick. The kobold hits you but does no damage.
You are more poisoned.
The kobold hits you with a +3 dagger of venom.
You are lethally poisoned!
You miss the kobold.
You feel extremely sick.
The kobold hits you with a +3 dagger of venom.
* * * LOW HITPOINT WARNING * * *
You are more poisoned.
You are too injured to fight recklessly!
You are too injured to fight recklessly!
Throw: 3 throwing nets
Press: ? - help, Q - select action, (/) - cycle Shift-Dir - straight line, f - kobold
Aim: a kobold, wielding a +3 dagger of venom and quivering stones (47% to hit)
You throw a throwing net. The throwing net hits the kobold.
The kobold is caught in the net!
* * * LOW HITPOINT WARNING * * *
You feel very sick.
The kobold struggles against the net.
It was a potion of cancellation.
You feel magically purged.
You die...

..........# ... .
'................ ...
'.........####..###... .
'.........### #.........
'............##†........
'.>.......##..†.#.# ....
.#############..#.#.....
................#.......
###############)@K....#
##†####.# ..# #... ..#.#
... .. .#. ... .... ...


You could see a kobold (caught).

Vanquished Creatures
  A dart slug (D:1)
  A bat (D:1)
  5 hobgoblins (D:1)
  A quokka (D:1)
  5 kobolds (D:1)
13 creatures vanquished.

Vanquished Creatures (others)
  A ball python (D:1)
1 creature vanquished.

Grand Total: 14 creatures vanquished

Notes
Turn   | Place    | Note
-------+----------+-------------------------------------------
     0 | D:1      | wildpjah the Demonspawn Gladiator began the quest for the
                  | Orb.
     0 | D:1      | Reached XP level 1. HP: 16/16 MP: 1/1
   149 | D:1      | Found a faded altar of an unknown god.
   153 | D:1      | Prayed at the altar of an unknown god.
   153 | D:1      | Became a worshipper of Jiyva Jaciun the Shapeless
   153 | D:1      | Reached * piety under Jiyva
   188 | D:1      | Gained mutation: You regenerate magic rapidly. [demonic
                  | ancestry]
   188 | D:1      | Reached XP level 2. HP: 22/22 MP: 2/2
   255 | D:1      | Succumbed to a kobold's poison

Illustrated notes

Levels and vault maps discovered:
D:1:      wander_arrival_lonely_grave, layout_rooms,
          hellmonk_ecumenical_altar_heavens_door, st_stairs_3,
          serial_bayou_pond_e, minmay_misc_feat_iff

Skill      XL: |  1  2 |
---------------+-------+-----
Long Blades    | 3 |  3.1
Dodging        | 3 |  3.0
Fighting       | |  2.1
Throwing       | |  1.8
Armour         | |  0.1

Action                     || total
---------------------------++-------
  Melee: Long sword        ||    31
  Throw: Throwing net      ||     1
    Use: Potion            ||     1
 Armour: Leather armour    ||    23
  Dodge: Dodged            ||    31

Table legend: (Time is in decaauts)
 A = Elapsed time spent in this place.
 B = Non-inter-level travel time spent in this place.
 C = Inter-level travel time spent in this place.
 D = Time resting spent in this place.
 E = Time spent auto-exploring this place.
 F = Levels seen in this place.
 G = Mean time per level.
                   A        B        C        D        E       F      G
               +--------+--------+--------+--------+--------+-----+--------+
         Total |    262 |    262 |      0 |      0 |    187 |   1 |  262.0 |
       Dungeon |    262 |    262 |      0 |      0 |    187 |   1 |  262.0 |
               +--------+--------+--------+--------+--------+-----+--------+

Top non-repeatable levels by time:
     D:1: 262 daAuts
